 Dungeon Crawl Stone Soup version bcrawl-1.21.3-16-g7f46a08de7 (webtiles) character file.

Game seed: 6204666794291661708

14627 Chiseanne the Fighter (level 11, -1/92 HPs)
             Began as a Demonspawn Archaeologist on Apr 30, 2020.
             Was a High Priest of Okawaru.
             Killed from afar by a manticore (11 damage)
             ... with a volley of spikes
             ... on level 11 of the Dungeon.
             The game lasted 00:32:49 (12043 turns).

Chiseanne the Fighter (Demonspawn Archaeologist)   Turns: 12043, Time: 00:32:49

Health: -1/92      AC: 28    Str: 19    XL:     11   Next: 91%
Magic:  17/17      EV: 19    Int: 18    God:    Okawaru [*****.]
Gold:   112        SH:  0    Dex: 22    Spells: 10/10 levels left

rFire    + . .     SeeInvis .   w - +8 triple crossbow (flame)
rCold    . . .     Gourm    .   (shield currently unavailable)
rNeg     . . .     Faith    .   r - +1 scale mail
rPois    .         Spirit   .   O - +1 helmet {Int+3}
rElec    .         Reflect  .   M - +0 cloak
rCorr    .         Harm     .   j - +2 pair of gloves
MR       .....                  d - +1 pair of boots
Stlth    ++........             (no amulet)
HPRegen  0.25/turn              c - ring "Ymif" {Str+2 Dex+2 Slay+3}
MPRegen  0.15/turn              N - ring of protection from fire

@: mighty, agile, about to teleport, barbed spikes, sanguine armour
A: claws 1, demonic guardian 1, powered by pain 1, sanguine armour 2
a: Heroism, Finesse, Renounce Religion


You were on level 11 of the Dungeon.
You worshipped Okawaru.
Okawaru was extremely pleased with you.
You were not hungry.

You visited 1 branch of the dungeon, and saw 11 of its levels.
You also visited: Sewer.

You collected 586 gold pieces.
You spent 474 gold pieces at shops.

Inventory:

Hand Weapons
 a - a +5 war axe
 e - a +0 blowgun
 w - a +8 triple crossbow of flaming (weapon)
 C - a +4 war axe of freezing
 E - a +5 dire flail of crushing
 G - a +0 glaive of venom
 K - a +4 trident of protection
Missiles
 h - 2785 stones
 i - 4 poisoned needles
 o - 657 sling bullets
 t - 764 bolts (quivered)
 u - 1523 arrows
 z - 32 needles of frenzy
 D - 120 tomahawks
 I - a throwing net {!f}
Armour
 d - a +1 pair of boots (worn)
 j - a +2 pair of gloves (worn)
 r - a +1 scale mail (worn)
 M - a +0 cloak (worn)
 O - a +1 helmet of intelligence (worn)
Jewellery
 c - the ring "Ymif" (left hand) {Str+2 Dex+2 Slay+3}
   (You bought it in a shop on level 10 of the Dungeon)

   [ring of dexterity]

   It affects your strength (+2).
   It affects your dexterity (+2).
   It affects your accuracy and damage with ranged weapons and melee attacks
   (+3).
 J - an uncursed ring of poison resistance
 N - a ring of protection from fire (right hand)
Wands
 b - a wand of polymorph (13)
 L - a wand of iceblast (7)
Scrolls
 f - 8 scrolls of identify
 g - 4 scrolls of magic mapping
 n - 4 scrolls of remove curse
 x - a scroll of teleportation
 y - 5 scrolls of amnesia
 H - 2 scrolls of immolation
Potions
 k - a potion of agility
 l - 2 potions of flight
 m - 3 potions of mutation
 s - 4 potions of curing
 v - a potion of brilliance
 B - a potion of berserk rage
 F - a potion of cancellation
 P - a potion of invisibility {unknown}
Comestibles
 p - 30 rations {!d}


   Skills:
 * Level 10.6 Fighting
 - Level 0.8 Maces & Flails
 * Level 8.9 Crossbows
 * Level 9.2 Armour
 - Level 5.4 Dodging
 - Level 3.0 Stealth
 * Level 8.9 Invocations


You had 10 spell levels left.
You didn't know any spells.
Your spell library contained the following spells:

 Spells                   Type           Power        Failure   Level  Hunger
 Shock                    Conj/Air       #....        50%         1    ##.....
 Swiftness                Chrm/Air       #.......     63%         2    ###....
 Static Discharge         Air            #.......     86%         3    ####...
 Airstrike                Air            #.........   99%         4    #####..
 Iskenderun's Battlesphe  Conj/Chrm      #.......     100%        5    ######.
 Lightning Bolt           Conj/Air       #.........   100%        5    ######.
 Iron Shot                Conj/Erth      #.........   100%        6    #######
 Poison Arrow             Conj/Pois      #.........   100%        6    #######
 Icicle Burst             Conj/Ice       #.........   100%        7    #######
 Orb of Destruction       Conj           #.........   100%        7    #######
 Spellforged Servitor     Conj/Summ      #.........   100%        7    #######
 Chain Lightning          Conj/Air       #.........   100%        8    #######
 Glaciate                 Conj/Ice/Air   #.........   100%        8    #######
 Lehudib's Crystal Spear  Conj/Erth      #.........   100%        8    #######
 Fire Storm               Conj/Fire      #.........   100%        9    #######


Dungeon Overview and Level Annotations

Branches:
Dungeon (11/12)            Temple (0/1) D:5            Lair (0/6) D:8
    Orc (0/1) D:8
 Vaults: D:11-12

Altars:
Cheibriados
Elyvilon
Fedhas
Gozag
Hepliaklqana
Lugonu
Nemelex Xobeh
Okawaru
Ru
Sif Muna
Xom
Zin
The Shining One

Shops:
D:6 (   D:10 *[=

Portals:
Ice
Cave: D:11

Annotations:
D:3 2 transporters
D:10 2 runed translucent doors, petercordia4's ghost, journeyman DsFE


Innate Abilities, Weirdness & Mutations

You have sharp fingernails.
A weak demonic guardian rushes to your aid.
You sometimes gain a little power by taking damage.
When seriously injured, your bleeding wounds create thick armour. (AC +9)


Message History

* * * LOW HITPOINT WARNING * * *
Your white imp barely misses the manticore.
The manticore flicks its tail.
The volley of spikes hits you!
The barbed spikes become lodged in your body.
* * * LOW HITPOINT WARNING * * *
Your ufetubus barely misses the hungry ghost.
Your ufetubus completely misses the hungry ghost.
Okay, then.
As you read the scroll of teleportation, it crumbles to dust.
You feel strangely unstable.
Your ufetubus barely misses the hungry ghost.
Your ufetubus completely misses the hungry ghost.
The howler monkey barely misses your white imp.
Your white imp hits the manticore.
Your white imp freezes the manticore.
The hungry ghost barely misses you.
The manticore flicks its tail.
The volley of spikes hits you!
The barbed spikes become lodged in your body.
You die...

#.........######
#..............≈
#..........# .≈≈
#......hh..+ ≈≈
#.......5.$# ≈.
≈≈≈.!.....H..+
.##
≈≈≈≈.....h....#
..#
≈≈≈≈≈≈......##<#
#.#
≈≈≈≈≈≈;.K3W@# #
#.#
≈≈≈≈≈≈≈....5#
#.# ≈≈≈≈≈≈......
#.# ≈≈≈≈###+####
#.# #. ≈≈# #.#
#. #.####.
#.H.##. #...##.
#...##.


You could see a manticore, a kobold demonologist, a hungry ghost, a ynoxinul, 3
howler monkeys, an electric eel, a friendly white imp and a friendly ufetubus.

Vanquished Creatures
  A hydra (D:6)
  A centaur warrior (D:9)
  2 tengu warriors (D:9)
  Pikel (D:9)
  3 ugly things (D:10)
  A manticore (D:11)
  A troll (D:11)
  A queen bee (D:10)
  Grinder (D:6)
  4 hippogriffs
  A shadow (D:10)
  7 yaks
  A wraith (D:10)
  Eustachio (D:6)
  3 hungry ghosts
  3 acid dragons (D:10)
  A crocodile (D:6)
  3 sky beasts
  4 orc warriors
  2 slaves (D:9)
  2 black bears
  2 ice beasts
  3 ogres
  2 phantoms
  A necrophage (D:8)
  4 centaurs
  3 bullfrogs
  A big kobold (D:7)
  A gnoll sergeant (D:8)
  4 scorpions
  30 killer bees (D:10)
  10 wights
  A howler monkey (D:7)
  A bullfrog zombie (D:5)
  6 crimson imps
  2 hounds
  4 jellies
  3 centaur skeletons
  6 orc priests
  2 orc wizards
  Jessica (D:2)
  2 bullfrog skeletons
  3 iguanas
  5 worker ants
  A killer bee zombie (D:4)
  3 worker ant zombies
  10 gnolls
  16 adders
  2 shadow imps
  12 white imps (D:11)
  An ooze (D:4)
  2 adder skeletons (D:4)
  4 worms
  3 dart slugs
  10 leopard geckos
  23 orcs
  4 ball pythons
  8 bats
  7 giant cockroaches
  5 goblins
  7 hobgoblins
  5 jackals
  2 quokkas (D:7)
  12 frilled lizards
  2 jackal skeletons
  12 kobolds
  A quokka skeleton (D:4)
  9 rats
302 creatures vanquished.

Vanquished Creatures (collateral kills)
  A centaur zombie (D:9)
  A water elemental (D:11)
  A hungry ghost (D:3)
  Edmund (D:6)
  2 ogres
  A phantom (D:4)
  3 bullfrogs
  A scorpion (D:3)
  Terence (D:3)
  An orc wizard (D:8)
  A gnoll (D:8)
  A dart slug (D:3)
  A leopard gecko (D:3)
  3 orcs
  A goblin (D:3)
  A jackal (D:9)
21 creatures vanquished.

Vanquished Creatures (others)
  A slave (D:10)
1 creature vanquished.

Grand Total: 324 creatures vanquished

Notes
Turn   | Place    | Note
-------+----------+-------------------------------------------
     0 | D:1      | Chiseanne the Demonspawn Archaeologist began the quest for
                  | the Orb.
     0 | D:1      | Reached XP level 1. HP: 15/15 MP: 1/1
   377 | D:1      | Gained mutation: When seriously injured, your bleeding
                  | wounds create armour. (AC +9) [demonic ancestry]
   377 | D:1      | Reached XP level 2. HP: 21/21 MP: 2/2
   522 | D:1      | Reached skill level 2 in Fighting
   724 | D:1      | Gained mutation: When seriously injured, your bleeding
                  | wounds create thick armour. (AC +9) [demonic ancestry]
   724 | D:1      | Reached XP level 3. HP: 19/27 MP: 3/3
  1806 | D:2      | Noticed Jessica
  1806 | D:2      | Noticed an ogre
  1886 | D:2      | Found a corrupted altar of Lugonu.
  2044 | D:3      | Reached skill level 3 in Fighting
  2044 | D:3      | Gained mutation: A weak demonic guardian rushes to your
                  | aid. [demonic ancestry]
  2044 | D:3      | Reached XP level 4. HP: 21/35 MP: 4/4
  2215 | D:3      | Found a transporter.
  2259 | D:3      | Noticed Terence
  2296 | D:3      | Found a transporter.
  2581 | D:3      | Killed Terence
  2581 | D:3      | Gained mutation: You have sharp fingernails. [demonic
                  | ancestry]
  2581 | D:3      | Reached XP level 5. HP: 41/41 MP: 5/5
  2581 | D:3      | Identified a scroll of acquirement
  2609 | D:3      | Identified the ring of the Swan {Ice *Slow +Inv Str+5} (You
                  | acquired it on level 3 of the Dungeon)
  2656 | D:3      | Noticed an ogre
  2671 | D:3      | Killed an ogre
  2981 | D:2      | Killed an ogre
  2981 | D:2      | Reached skill level 4 in Fighting
  2981 | D:2      | Reached skill level 1 in Crossbows
  2981 | D:2      | Reached XP level 6. HP: 13/48 MP: 6/6
  2987 | D:2      | Killed Jessica
  2987 | D:2      | Reached skill level 1 in Armour
  3710 | D:4      | Noticed a hungry ghost
  3734 | D:3      | Killed a hungry ghost
  3789 | D:4      | Noticed an ice beast
  3809 | D:4      | Killed an ice beast
  3809 | D:4      | Reached skill level 5 in Dodging
  3809 | D:4      | Gained mutation: You sometimes gain a little power by
                  | taking damage. [demonic ancestry]
  3809 | D:4      | Reached XP level 7. HP: 22/55 MP: 7/7
  4168 | D:4      | Found a blossoming altar of Fedhas.
  4578 | D:5      | Entered Level 5 of the Dungeon
  4609 | D:5      | Reached skill level 5 in Fighting
  4802 | D:5      | Found a staircase to the Ecumenical Temple.
  5549 | D:6      | Found a glowing drain.
  5649 | Sewer    | Entered a sewer
  5658 | Sewer    | Reached XP level 8. HP: 63/63 MP: 8/8
  6065 | D:6      | Reached skill level 6 in Fighting
  6216 | D:6      | Noticed Edmund
  6231 | D:6      | Killed Edmund
  6372 | D:6      | Noticed Grinder
  6380 | D:6      | Paralysed by Grinder for 2 turns
  6381 | D:6      | Killed Grinder
  6534 | D:6      | Found an opulent altar of Gozag.
  6536 | D:6      | Found a sacrificial altar of Ru.
  6538 | D:6      | Found an iron altar of Okawaru.
  6544 | D:6      | Became a worshipper of Warmaster Okawaru
  6693 | D:6      | Found Ulugiukh's Antique Weapon Emporium.
  6697 | D:6      | Reached skill level 5 in Armour
  6826 | D:6      | Found a snail-covered altar of Cheibriados.
  6854 | D:6      | Noticed Eustachio
  6856 | D:6      | Killed Eustachio
  6856 | D:6      | Reached skill level 7 in Fighting
  6856 | D:6      | Reached XP level 9. HP: 72/72 MP: 9/9
  6861 | D:6      | Noticed a five-headed hydra
  6869 | D:6      | Killed a five-headed hydra
  6869 | D:6      | Reached * piety under Okawaru
  6869 | D:6      | Reached skill level 5 in Crossbows
  7042 | D:7      | Reached ** piety under Okawaru
  7239 | D:7      | Reached skill level 8 in Fighting
  7442 | D:7      | Found a shimmering blue altar of Sif Muna.
  7670 | D:7      | Reached skill level 1 in Invocations
  7710 | D:7      | Reached XP level 10. HP: 45/82 MP: 11/11
  7712 | D:7      | Found a hazy altar of Hepliaklqana.
  7903 | D:7      | Found a shimmering blue altar of Sif Muna.
  8001 | D:7      | Found a glowing golden altar of the Shining One.
  8249 | D:8      | Found a staircase to the Orcish Mines.
  8309 | D:7      | Reached *** piety under Okawaru
  8885 | D:8      | Found a sparkling altar of Nemelex Xobeh.
  8929 | D:8      | Found a white marble altar of Elyvilon.
  9017 | D:8      | Found a staircase to the Lair.
  9023 | D:8      | Found a shimmering altar of Xom.
  9307 | D:8      | Received a gift from Okawaru
  9456 | D:9      | Reached skill level 9 in Fighting
  9772 | D:9      | Received a gift from Okawaru
  9772 | D:9      | Reached skill level 5 in Invocations
  9829 | D:9      | Found a glowing silver altar of Zin.
  9835 | D:9      | Noticed a centaur warrior
  9841 | D:9      | Killed a centaur warrior
  9841 | D:9      | Reached **** piety under Okawaru
 10165 | D:9      | Noticed a tengu warrior
 10165 | D:9      | Noticed a tengu warrior
 10186 | D:9      | Killed a tengu warrior
 10186 | D:9      | Reached XP level 11. HP: 51/89 MP: 15/15
 10197 | D:9      | Killed a tengu warrior
 10498 | D:9      | Noticed Pikel
 10506 | D:9      | Killed Pikel
 10601 | D:10     | Entered Level 10 of the Dungeon
 10601 | D:10     | Found Ladicyg's Jewellery Shoppe.
 10610 | D:10     | Bought the ring "Ymif" {Str+2 Dex+2 Slay+3} for 313 gold
                  | pieces
 10649 | D:10     | Found Hopp's Armour Shoppe.
 10653 | D:10     | Bought a +0 helmet of intelligence for 161 gold pieces
 10683 | D:10     | Found Qiotic's Assorted Antiques.
 10695 | D:10     | Noticed a green ugly thing
 10710 | D:10     | Killed a green ugly thing
 10713 | D:10     | Reached skill level 10 in Fighting
 10810 | D:10     | Received a gift from Okawaru
 10841 | D:10     | Reached ***** piety under Okawaru
 10871 | D:10     | Found a runed translucent door.
 10872 | D:10     | Noticed an ettin
 10872 | D:10     | Noticed a lich
 10872 | D:10     | Noticed a phantasmal warrior
 10873 | D:10     | Noticed a skeletal warrior
 10873 | D:10     | Noticed petercordia4's ghost (journeyman DsFE)
 10874 | D:10     | Found a runed translucent door.
 10924 | D:10     | Noticed a brown ugly thing
 10934 | D:10     | Killed a brown ugly thing
 10937 | D:10     | Received a gift from Okawaru
 11535 | D:10     | Noticed a brown ugly thing
 11544 | D:10     | Killed a brown ugly thing
 11713 | D:10     | Noticed a necromancer
 11949 | D:11     | Found a frozen archway.
 12013 | D:11     | Noticed a purple ugly thing
 12014 | D:11     | Received a gift from Okawaru
 12043 | D:11     | Killed from afar by a manticore

Skill      XL: |  1  2  3  4  5  6  7  8  9 10 11 |
---------------+----------------------------------+-----
Dodging        | 3 4 5 |  5.4
Fighting       | 2 3 4 5 7 8 9 10 | 10.6
Crossbows      | 1 2 4 6 7 8 |  8.9
Armour         | 2 3 5 6 8 9 |  9.2
Invocations    | 1 6 8 |  8.9
Maces & Flails | |  0.8
Stealth        | |  3.0

Action                   |  1- 3 |  4- 6 |  7- 9 | 10-12 || total
-------------------------+-------+-------+-------+-------++-------
Melee: Whip              |    19 |       |       |       ||    19
       Short sword       |   185 |    15 |       |       ||   200
       Hand axe          |       |    81 |    92 |       ||   173
       War axe           |       |       |    24 |    23 ||    47
 Fire: Blowgun           |       |    29 |     7 |       ||    36
       Triple crossbow   |       |       |   164 |   276 ||   440
Throw: Stone             |       |     1 |       |       ||     1
Invok: Heroism           |       |       |       |     5 ||     5
Evoke: Wand              |       |     2 |       |       ||     2
  Use: Scroll            |     9 |     2 |     7 |    14 ||    32
       Potion            |       |     1 |     1 |     2 ||     4
 Stab: Sleeping          |     5 |     1 |       |       ||     6
       Distracted        |     1 |       |       |       ||     1
  Eat: Chunk             |     4 |     2 |     9 |     9 ||    24
       Ration            |       |     3 |     1 |     2 ||     6
Armor: Robe              |    98 |     9 |       |       ||   107
       Leather armour    |     8 |       |       |       ||     8
       Scale mail        |       |    39 |   135 |   174 ||   348
Dodge: Dodged            |   214 |    62 |   146 |   210 ||   632
